 Dungeon Crawl Stone Soup version 0.22-a0-423-g4197694 (webtiles) character file.

239 Veiltonx the Grave Robber (level 5, -1/38 HPs)
             Began as a Demonspawn Necromancer on May 23, 2018.
             Slain by azzavlup's ghost (9 damage)
             ... on level 3 of the Dungeon.
             The game lasted 00:12:48 (2969 turns).

Veiltonx the Grave Robber (Demonspawn Necromancer)  Turns: 2969, Time: 00:12:49

Health: -1/38      AC:  4    Str:  8    XL:     5   Next: 79%
Magic:  10/10      EV: 12    Int: 17    God:
Gold:   217        SH:  0    Dex: 14    Spells: 4/10 levels left

rFire    . . .     SeeInvis .   o - +2 spear (pain)
rCold    . . .     Gourm    .   (no shield)
rNeg     . . .     Faith    .   a - +0 robe
rPois    .         Spirit   .   (no helmet)
rElec    .         Reflect  .   (no cloak)
rCorr    .         Harm     .   (no gloves)
MR       .....                  (no boots)
Stlth    ++........             (no amulet)
HPRegen  0.12/turn              (no ring)
MPRegen  0.12/turn              (no ring)

@: no status effects
A: slimy green scales 1, spiny 2
a: no special abilities


You were on level 3 of the Dungeon.
You were not hungry.

You visited 1 branch of the dungeon, and saw 3 of its levels.

You collected 217 gold pieces.

Inventory:

Hand Weapons
 d - a +0 short sword
 o - a +2 spear of pain (weapon)
Armour
 a - a +0 robe (worn)
 q - a +2 chain mail of cold resistance
Scrolls
 e - a scroll of teleportation
 f - a scroll of blinking
 g - 5 scrolls of identify {unknown}
 k - 2 scrolls of enchant weapon {unknown}
 l - a scroll of immolation {unknown}
 m - 2 scrolls of remove curse {unknown}
 n - a scroll of fear {unknown}
Potions
 b - 2 potions of brilliance {unknown}
 h - a potion of berserk rage {unknown}
 j - a potion of heal wounds {unknown}
 p - 2 potions of curing {unknown}
Comestibles
 c - 5 rations
 i - 6 chunks of flesh


   Skills:
 + Level 2.0 Fighting
 - Level 0.4 Short Blades
 - Level 2.2 Armour
 - Level 2.0 Dodging
 - Level 2.0 Stealth
 + Level 3.4 Spellcasting
 + Level 5.4 Necromancy


You had 4 spell levels left.
You knew the following spells:

 Your Spells              Type           Power        Failure   Level  Hunger
a - Pain                  Necr           ###.         1%          1    None
b - Animate Skeleton      Necr           N/A          1%          1    None
c - Animate Dead          Necr           N/A          19%         4    ####...

Your spell library contained the following spells:

 Spells                   Type           Power        Failure   Level  Hunger
 Magic Dart               Conj           #...         17%         1    None
 Conjure Flame            Conj/Fire      #.......     45%         3    ###....
 Slow                     Hex            #.......     26%         2    ##.....
 Mephitic Cloud           Conj/Pois/Air  #.......     45%         3    ###....
 Blink                    Tloc           N/A          26%         2    ##.....
 Vampiric Draining        Necr           ###.......   5%          3    ###....
 Call Imp                 Summ           #.......     26%         2    ##.....
 Regeneration             Chrm/Necr      ##........   17%         3    ###....


Dungeon Overview and Level Annotations

Branches:
Dungeon (3/15)

Altars:
Elyvilon
Fedhas
Okawaru
Sif Muna
Zin

Annotations:
D:3 exclusion: ogre, azzavlup's ghost, amateur DrTm


Innate Abilities, Weirdness & Mutations

You are partially covered in slimy green scales. (AC +2)
You are mostly covered in sharp spines.


Message History

Azzavlup's ghost is struck by your spines.
Azzavlup's ghost hits you!
* * * LOW HITPOINT WARNING * * *
You see here a club.
Some of the chunks of flesh in your inventory have rotted away.
Evoke which item? (* to show all) (? for menu, Esc to quit)
Attack whom?
Press: ? - help, Dir - move target cursor, f/p - azzavlup's ghost
Aim: azzavlup's ghost (heavily damaged)
You reach to attack!
You barely miss azzavlup's ghost.
Azzavlup's ghost is heavily damaged.
Azzavlup's ghost closely misses you.
Evoke which item? (* to show all) (? for menu, Esc to quit)
Attack whom?
Press: ? - help, Dir - move target cursor, f/p - azzavlup's ghost
Aim: azzavlup's ghost (heavily damaged)
You reach to attack!
You hit azzavlup's ghost.
Azzavlup's ghost is heavily damaged.
Azzavlup's ghost hits you!
You die...

.#
#..............#.......#.
.#
######...##.####.......#.
.# #######)...##.#
#..(....#. .#
#......###.##.#
##.....### .######......#
#....# ###...## #
.............###.####
#.########
.######.....#..>.# #...#
#.# .# #........W.# #.#.#
##.# .# ##########@#
#.#.###... .# #.#
#.#....... .# #.#
#.#####... .# #.# #.#
##.# .## #.# #.# #.# ..#
#.# ###.######.# #...#
#)#####..........# ..#.#
#.........######## ##.#
#######.#.########


You could see azzavlup's ghost.

Vanquished Creatures
  An ogre (D:3)
  An orc wizard (D:3)
  4 adders
  2 worms
  A dart slug (D:2)
  A leopard gecko (D:3)
  9 orcs
  A ball python (D:1)
  12 bats
  3 giant cockroaches
  8 hobgoblins
  8 jackals
  2 quokkas
  2 frilled lizards (D:2)
  7 goblins
  7 kobolds
  7 rats
76 creatures vanquished.

Vanquished Creatures (collateral kills)
  A hobgoblin (D:2)
  A kobold (D:3)
2 creatures vanquished.

Grand Total: 78 creatures vanquished

Notes
Turn   | Place    | Note
-------+----------+-------------------------------------------
     0 | D:1      | Veiltonx the Demonspawn Necromancer began the quest for the Orb.
     0 | D:1      | Reached XP level 1. HP: 13/13 MP: 3/3
   259 | D:1      | Gained mutation: You are partially covered in slimy green scales. (AC +2) [demonic ancestry]
   259 | D:1      | Reached XP level 2. HP: 15/19 MP: 5/5
   608 | D:1      | Reached skill level 1 in Fighting
   793 | D:2      | Gained mutation: You are partially covered in sharp spines. [demonic ancestry]
   793 | D:2      | Reached XP level 3. HP: 20/26 MP: 6/6
   805 | D:2      | Learned a level 1 spell: Animate Skeleton
   884 | D:2      | Found an iron altar of Okawaru.
   946 | D:2      | Found a glowing silver altar of Zin.
   946 | D:2      | Found a white marble altar of Elyvilon.
   947 | D:2      | Found a blossoming altar of Fedhas.
  1348 | D:2      | Found a deep blue altar of Sif Muna.
  1422 | D:3      | Noticed azzavlup's ghost (amateur DrTm)
  1471 | D:3      | Gained mutation: You are mostly covered in sharp spines. [demonic ancestry]
  1471 | D:3      | Reached XP level 4. HP: 19/32 MP: 6/8
  1519 | D:3      | Reached skill level 1 in Armour
  1519 | D:3      | Reached skill level 5 in Necromancy
  1824 | D:3      | Learned a level 4 spell: Animate Dead
  1859 | D:3      | Noticed an ogre
  2465 | D:3      | Reached XP level 5. HP: 25/38 MP: 4/9
  2790 | D:3      | Killed an ogre
  2912 | D:3      | HP: 1/38 [azzavlup's ghost (8)]
  2969 | D:3      | Slain by azzavlup's ghost

Vault maps used:
D:1:      roderic_dead_forest, minivault_5, minmay_misc_feat_rows,
          kennysheep_minor_cross
D:2:      nicolae_overflow_quartered_altars, old_standard_altar
D:3:      kennysheep_six_static_rooms, first_ration

Skill      XL: |  1  2  3  4  5 |
---------------+----------------+-----
Stealth        | 2 |  2.0
Dodging        | 2 |  2.0
Fighting       | 1 2 |  2.0
Armour         | 1 2 |  2.2
Necromancy     | 5 |  5.4
Spellcasting   | 3 |  3.4
Short Blades   | |  0.4

Action                   |  1- 3 |  4- 6 || total
-------------------------+-------+-------++-------
Melee: Short sword       |   133 |    42 ||   175
       Unarmed           |    12 |       ||    12
       Spear             |       |    33 ||    33
 Cast: Pain              |    15 |    31 ||    46
       Animate Skeleton  |     4 |     9 ||    13
  Use: Scroll            |       |     2 ||     2
 Stab: Sleeping          |     6 |     1 ||     7
  Eat: Chunk             |     2 |     5 ||     7
Armor: Robe              |    69 |    13 ||    82
Dodge: Dodged            |   108 |    34 ||   142

Table legend:
 A = Spawn XP
 B = Non-spawn XP
 C = Spawn XP percentage of total XP
 D = Spawn monster count
 E = Non-spawn monster count
 F = Spawn count percentage of total count
 G = Total turns spent on level
                    A         B        C        D         E        F      G
               +---------+---------+-------+---------+---------+-------+---------
         Total |       0 |     342 |   0.0 |       0 |      77 |   0.0 |  2969
               +---------+---------+-------+---------+---------+-------+---------
           D:1 |       0 |      38 |   0.0 |       0 |      24 |   0.0 |   768
           D:2 |       0 |      51 |   0.0 |       0 |      20 |   0.0 |   648
           D:3 |       0 |     253 |   0.0 |       0 |      33 |   0.0 |  1553
               +---------+---------+-------+---------+---------+-------+---------
